 Dungeon Crawl Stone Soup version 0.20.1-1-g8b1a95d (webtiles) character file.

246 groucho the Ducker (level 5, -2/28 HPs)
             Began as a Spriggan Fighter on Jan 1, 2018.
             Killed by divine providence
             ... invoked by an orc priest
              (9 damage)
             ... on level 3 of the Dungeon.
             The game lasted 00:05:52 (3157 turns).

groucho the Ducker (Spriggan Fighter)               Turns: 3157, Time: 00:05:53

Health: -2/28      AC:  2    Str: 18    XL:     5   Next: 84%
Magic:  6/6        EV: 20    Int: 10    God:
Gold:   100        SH:  6    Dex: 16    Spells: 4/4 levels left

rFire    . . .     SeeInvis +   a - +0 rapier
rCold    . . .     Gourm    .   c - +0 buckler
rNeg     . . .     Faith    .   b - +0 robe
rPois    .         Spirit   .   (helmet restricted)
rElec    .         Reflect  .   (no cloak)
rCorr    .         Harm     .   (gloves unavailable)
MR       .....                  (boots unavailable)
Stlth    +++.......             (no amulet)
Regen    0.1/turn               h - +6 ring of strength
MPRegen  0.1/turn               (no ring)

@: slowed, quick
A: unfitting armour, see invisible, herbivore 3, speed 3, slow metabolism 2
a: no special abilities


You were on level 3 of the Dungeon.
You were not hungry.

You visited 1 branch of the dungeon, and saw 3 of its levels.

You collected 100 gold pieces.

Inventory:

Hand Weapons
 a - a +0 rapier (weapon)
 n - a +0 dagger of venom
Missiles
 g - 15 poisoned needles
 p - 6 needles of sleeping
Armour
 b - a +0 robe (worn)
 c - a +0 buckler (worn)
Jewellery
 h - a +6 ring of strength (left hand)
Scrolls
 i - 4 scrolls of identify
 k - 4 scrolls of remove curse
 l - a scroll of amnesia {unknown}
 q - a scroll of random uselessness {unknown}
 r - a scroll of enchant weapon {unknown}
Potions
 d - a potion of might
 e - 2 potions of curing
 m - 2 potions of brilliance {unknown}
Comestibles
 f - 4 bread rations
 j - 2 royal jellies
 o - a fruit


   Skills:
 + Level 3.3 Fighting
 + Level 3.4 Short Blades
 + Level 5.5 Dodging
 + Level 4.3 Stealth
 + Level 2.9 Shields


You had 4 spell levels left.
You didn't know any spells.

Dungeon Overview and Level Annotations

Branches:
Dungeon (3/15)

Altars:
Cheibriados
Fedhas
Okawaru
Qazlal
Ru
Trog
Yredelemnul
Zin
The Shining One


Innate Abilities, Weirdness & Mutations

You are very small and have problems with some larger weapons.
You are too small for most types of armour.
You have supernaturally acute eyesight. (SInv)
You are a herbivore.
You cover ground extremely quickly.
You need consume almost no food.


Message History

The orc wizard is moderately wounded.
The orc wizard gestures at you while chanting.
You feel yourself slow down.
The orc shouts!
You closely miss the orc wizard.
The orc wizard is moderately wounded.
The orc wizard gestures wildly while chanting.
The orc wizard seems to speed up.
The orc priest invokes the aid of Beogh against you.
Beogh smites you!
You hit the orc wizard but do no damage.
The orc wizard is moderately wounded.
The orc wizard casts a spell at you. The magic dart hits you!
The orc hits you with a flail.
* * * LOW HITPOINT WARNING * * *
You block the orc wizard's attack. The rat completely misses you.
The orc wizard completely misses you.
The orc priest invokes the aid of Beogh against you.
Beogh smites you!
You die...

#.# #........# #o##.##)#
#.# #l##.#.#####.##.....
#.# #.##......##S#####.#
#.# #.##....).......##.#
#.# #......##†####..##.#
#.# #..###.........S.#.†
#.# #..# #.##.####...###
#.####.r###.##.........##
#.......@oo.#######.....#
#.......#o.....# #......
#.......#..###.####S....#
##......#..#.l..........#
#.......÷...S.)...§#####
###.....#.....####.+
#.....###........+
#....####....###.+
#.#.......##.# #####


You could see an orc priest, an orc wizard, an orc, a frilled lizard (wandering)
and a rat.

Vanquished Creatures
  A hound (D:3)
  Jessica (D:3)
  Terence (D:2)
  Robin (D:2)
  6 adders
  3 oozes
  A worm (D:2)
  5 dart slugs
  3 leopard geckos (D:1)
  An orc (D:3)
  3 giant cockroaches
  9 hobgoblins
  4 jackals (D:1)
  A quokka (D:2)
  8 bats
  4 frilled lizards
  13 goblins
  7 kobolds
  4 rats
76 creatures vanquished.

Notes
Turn   | Place    | Note
-------+----------+-------------------------------------------
     0 | D:1      | groucho the Spriggan Fighter began the quest for the Orb.
     0 | D:1      | Reached XP level 1. HP: 11/11 MP: 2/2
    53 | D:1      | Reached skill level 1 in Stealth
    60 | D:1      | Reached XP level 2. HP: 9/16 MP: 3/3
   476 | D:1      | Reached XP level 3. HP: 19/19 MP: 4/4
   761 | D:2      | Found a glowing golden altar of the Shining One.
   761 | D:2      | Found a basalt altar of Yredelemnul.
   761 | D:2      | Found a sacrificial altar of Ru.
  1175 | D:2      | Reached XP level 4. HP: 23/23 MP: 5/5
  2017 | D:2      | Found a glowing silver altar of Zin.
  2019 | D:2      | Noticed Robin
  2057 | D:2      | Killed Robin
  2191 | D:2      | Found a stormy altar of Qazlal.
  2191 | D:2      | Found an iron altar of Okawaru.
  2191 | D:2      | Found a blossoming altar of Fedhas.
  2203 | D:2      | Found a bloodstained altar of Trog.
  2366 | D:2      | Noticed Terence
  2378 | D:2      | Killed Terence
  2378 | D:2      | Reached skill level 5 in Dodging
  2625 | D:2      | Reached XP level 5. HP: 22/28 MP: 6/6
  2626 | D:2      | Found a snail-covered altar of Cheibriados.
  2848 | D:3      | Noticed Jessica
  2856 | D:3      | Killed Jessica
  3157 | D:3      | Killed from afar by an orc priest

Skill      XL: |  1  2  3  4  5 |
---------------+----------------+-----
Stealth        | 1 2 3 4 |  4.3
Fighting       | 3 |  3.3
Short Blades   | 3 |  3.4
Dodging        | 5 |  5.5
Shields        | |  2.9

Action                   |  1- 3 |  4- 6 || total
-------------------------+-------+-------++-------
Melee: Rapier            |    81 |   157 ||   238
  Use: Potion            |       |     2 ||     2
       Scroll            |       |     2 ||     2
 Stab: Sleeping          |     4 |    11 ||    15
       Distracted        |     1 |       ||     1
Armor: Robe              |     2 |     6 ||     8
Dodge: Dodged            |    54 |   111 ||   165
Block: Buckler           |    17 |    37 ||    54
